 Dungeon Crawl Stone Soup version 0.26-a0-491-g70697cc071 (webtiles) character file.

Game seed: 14702562100653743867

98 ANON1729 the Ogre Mage (level 4, -3/44 HPs)
             Began as an Ogre Transmuter on Aug 5, 2020.
             Splashed by a kobold's acid (14 damage)
             ... on level 3 of the Dungeon.
             The game lasted 00:06:36 (2795 turns).

ANON1729 the Ogre Mage (Ogre Transmuter)            Turns: 2795, Time: 00:06:37

Health: -3/44      AC:  3    Str: 14    XL:     4   Next: 69%
Magic:  18/18      EV: 10    Int: 15    God:
Gold:   86         SH:  0    Dex:  9    Spells: 3/9 levels left

rFire    . . .     SeeInvis .     - Unarmed
rCold    . . .     Faith    .   (no shield)
rNeg     . . .     Spirit   .   a - +0 robe
rPois    .         Reflect  .   (helmet restricted)
rElec    .         Harm     .   (no cloak)
rCorr    .                      (gloves unavailable)
MR       .....                  (boots unavailable)
Stlth    +.........             (no amulet)
HPRegen  0.14/turn              m - ring of magical power
MPRegen  0.16/turn              h - ring of wizardry

@: drained
A: large, unfitting armour, tough skin 1
a: no special abilities


You were on level 3 of the Dungeon.
You visited 1 branch of the dungeon, and saw 3 of its levels.

You collected 86 gold pieces.

Inventory:

Armour
 a - a +0 robe (worn)
 n - a +0 cloak
Jewellery
 h - a ring of wizardry (right hand)
 m - a ring of magical power (left hand)
Scrolls
 b - a scroll of identify {unknown}
 c - 5 scrolls of teleportation {unknown}
 e - 2 scrolls of immolation {unknown}
 i - a scroll of fog {unknown}
 j - 2 scrolls of amnesia {unknown}
 l - a scroll of enchant armour {unknown}
Potions
 d - a potion of stabbing
 f - a potion of flight
 g - a potion of heal wounds {unknown}
 k - a potion of lignification
 o - a potion of ambrosia {unknown}
 p - a potion of curing {unknown}
 q - a potion of might {unknown}


   Skills:
 * Level 2.4(1.8) Fighting
 + Level 2.2(1.6) Dodging
 - Level 3.1(2.5) Unarmed Combat
 * Level 3.4(2.8) Spellcasting
 - Level 2.6(2.1) Transmutations


You had 3 spell levels left.
You knew the following spells:

 Your Spells              Type           Power        Failure   Level
a - Beastly Appendage     Tmut           #.....       3%          1
b - Wereblood             Tmut           #.......     5%          2
c - Spider Form           Tmut/Pois      #.........   16%         3

Your spell library contained the following spells:

 Spells                   Type           Power        Failure   Level
 Ice Form                 Ice/Tmut       #.......     45%         4
 Blade Hands              Tmut           #.........   65%         5


Dungeon Overview and Level Annotations

Branches:
Dungeon (3/15)

Altars:
Ashenzari
Elyvilon
Hepliaklqana
Qazlal
Trog
Yredelemnul
The Shining One


Innate Abilities, Weirdness & Mutations

You are too large for most types of armour.
You have tough skin. (AC +1)


Message History

A jackal comes into view.
The orc wizard casts a spell at you. The magic dart hits you!
A kobold comes into view.
It is wielding a +0 spear and carrying a wand of acid (3).
The kobold shouts!
The orc wizard gestures at you while chanting.
The magic dart hits you!
The orc wizard gestures wildly while chanting.
The orc wizard blinks!
You see here an adder corpse.
There is an open door here.
You close the door.
The jackal bites you but does no damage.
The jackal closely misses you.
A kobold opens the door.
The jackal barely misses you.
The kobold zaps a wand.
The bolt of acid hits you!!
* * * LOW HITPOINT WARNING * * *
You are splashed with acid!
You die...

#######...# ##...## #.......#
......#.### ##.....## #######.#
......#.## ##.......## ##.###†#
..o..o#..####.........####...##.#
.._§..oooK.oK.........'.......#.#
......#..####.........####...##.#
......#.## ##..h....## ##......
......#.# ##...)(## #.###..
#######.# ##@..## #.# ... .K#
##'## #.# ##. ..# #.# #.# . #.##
####.# #. . .. ####....## ## #
.........## ####......#########.#
##....###........#
#.#.#.......####


You could see an orc wizard, a jackal and a kobold.

Vanquished Creatures
  A gnoll (D:1)
  3 adders
  An ooze (D:2)
  A worm (D:2)
  3 leopard geckos
  An orc (D:3)
  9 bats
  4 giant cockroaches
  4 hobgoblins
  5 jackals
  2 quokkas (D:2)
  5 frilled lizards
  4 goblins
  3 kobolds
  4 rats
50 creatures vanquished.

Notes
Turn   | Place    | Note
-------+----------+-------------------------------------------
     0 | D:1      | ANON1729 the Ogre Transmuter began the quest for the Orb.
     0 | D:1      | Reached XP level 1. HP: 19/19 MP: 3/3
   145 | D:1      | Reached XP level 2. HP: 23/28 MP: 2/5
   399 | D:1      | Learned a level 2 spell: Wereblood
   460 | D:1      | Reached XP level 3. HP: 35/35 MP: 2/7
   650 | D:2      | Found a white marble altar of Elyvilon.
   677 | D:2      | Found a shattered altar of Ashenzari.
   821 | D:2      | Found a faded altar of an unknown god.
   821 | D:2      | Found a basalt altar of Yredelemnul.
   826 | D:2      | Found a faded altar of an unknown god.
   828 | D:2      | Found a glowing golden altar of the Shining One.
   830 | D:2      | Found a stormy altar of Qazlal.
   948 | D:2      | Found a bloodstained altar of Trog.
  1386 | D:2      | HP: 1/35 [ooze (2)]
  1394 | D:2      | Reached XP level 4. HP: 4/42 MP: 8/8
  2075 | D:2      | Learned a level 3 spell: Spider Form
  2739 | D:3      | Found a hazy altar of Hepliaklqana.
  2795 | D:3      | Splashed by a kobold's acid

Illustrated notes

Levels and vault maps discovered:
D:1:      minmay_arrival_split_and_join, layout_basic
D:2:      layout_basic, evilmike_ruin_ashenzari, lightli_temple_of_fire,
          nicolae_overflow_hidden_temple, chequers_temple_overflow_minitemple
D:3:      layout_loops_corners, lemuel_tele_altar

Skill      XL: |  1  2  3 |
---------------+----------+-----
Transmutations | 2 |  2.6
Dodging        | 2 |  2.2
Spellcasting   | 3 |  3.4
Fighting       | 2 |  2.4
Unarmed Combat | 3 |  3.1

Action                   |  1- 3 |  4- 6 || total
-------------------------+-------+-------++-------
Melee: Unarmed           |   177 |   102 ||   279
       Kick              |    13 |     4 ||    17
       Headbutt          |     3 |       ||     3
       Punch             |     1 |       ||     1
 Cast: Beastly Appendage |     9 |     2 ||    11
       Wereblood         |     1 |       ||     1
       Spider Form       |       |     2 ||     2
  Use: Potion            |     3 |       ||     3
 Stab: Sleeping          |     2 |       ||     2
Armor: Robe              |    71 |    34 ||   105
       Skin              |     2 |     1 ||     3
Dodge: Dodged            |   117 |    76 ||   193

Table legend: (Time is in decaauts)
 A = Elapsed time spent in this place.
 B = Non-inter-level travel time spent in this place.
 C = Inter-level travel time spent in this place.
 D = Time resting spent in this place.
 E = Time spent auto-exploring this place.
 F = Levels seen in this place.
 G = Mean time per level.
                   A        B        C        D        E       F      G
               +--------+--------+--------+--------+--------+-----+--------+
         Total |   2780 |   2763 |     17 |   1176 |   1055 |   3 |  926.7 |
       Dungeon |   2780 |   2763 |     17 |   1176 |   1055 |   3 |  926.7 |
               +--------+--------+--------+--------+--------+-----+--------+

Top non-repeatable levels by time:
     D:2: 1925 daAuts
     D:1: 623 daAuts
     D:3: 231 daAuts
